 Dungeon Crawl Stone Soup version 0.16-a0-4013-gd591273 (webtiles) character file.

550 timbw the Slasher (level 7, -4/52 HPs)
             Began as a Vampire Fighter on Feb 16, 2015.
             Killed from afar by an electric eel (15 damage)
             ... with a bolt of electricity
             ... on level 6 of the Dungeon.
             The game lasted 00:07:52 (1760 turns).

timbw the Slasher (Vampire Fighter)                 Turns: 1760, Time: 00:07:53

Health: -4/52      AC:  8    Str: 15    XL:     7   Next: 7%
Magic:  7/7        EV:  6    Int: 10    God:
Gold:   220        SH:  8    Dex: 15    Spells: 0 memorised, 6 levels left

rFire  . . .     SeeInvis +     a - +0 long sword
rCold  . . .     Clarity  .     b - +0 scale mail
rNeg   . . .     SustAb   .     c - +0 shield
rPois  .         Gourm    .     (no helmet)
rElec  .         Spirit   .     (no cloak)
rCorr  .         Warding  .     r - +0 pair of gloves
rMut   .         Stasis   .     m - +0 pair of boots
MR     .....                    t - amulet of faith
Stlth  ..........               (no ring)
                                o - ring of flight

@: regenerating quickly, not resistant to hostile enchantments, extremely
unstealthy
A: bottle blood, fangs 3, see invisible, unbreathing
a: Evoke Flight


You were on level 6 of the Dungeon.
You were very full.

You visited 1 branch of the dungeon, and saw 7 of its levels.

You collected 220 gold pieces.

Inventory:

Hand weapons
 a - a +0 long sword (weapon)
 x - a +0 blowgun
Missiles
 u - a throwing net (quivered)
 v - 2 tomahawks
 y - 12 poisoned needles
Armour
 b - a +0 scale mail (worn)
 c - a +0 shield (worn)
 m - a +0 pair of boots (worn)
 r - a +0 pair of gloves (worn)
Jewellery
 o - a ring of flight (left hand)
 t - an amulet of faith (around neck)
Scrolls
 g - a scroll of teleportation {unknown}
 i - 3 scrolls of identify {unknown}
 j - 4 scrolls of remove curse {unknown}
 p - 2 scrolls of enchant weapon {unknown}
 w - a scroll of blinking {unknown}
Potions
 d - a potion of blood
 e - a potion of might
 f - 2 potions of haste
 h - 2 potions of heal wounds
 k - a potion of restore abilities {unknown}
 l - a potion of lignification {unknown}
 n - 2 potions of cure mutation {unknown}
 q - a potion of berserk rage {unknown}
 s - 2 potions of curing {unknown}


   Skills:
 + Level 3.4 Fighting
 * Level 7.4 Long Blades
 - Level 2.4 Armour
 - Level 2.6 Shields


You had 6 spell levels left.
You didn't know any spells.

Dungeon Overview and Level Annotations

Branches:
Dungeon (7/15)
 Temple: D:4-7

Altars:
Ashenzari
Cheibriados
Elyvilon
Fedhas
Nemelex Xobeh
Qazlal
Zin


Innate Abilities, Weirdness & Mutations

Your natural rate of healing is unusually fast.
You can bottle blood from corpses.
You have razor-sharp teeth.
You have supernaturally acute eyesight.
You can survive without breathing.


Message History

You kill the gnoll!
The gnoll hits you but does no damage. You block the gnoll's attack.
You see here a spear.
You hit the gnoll.
The gnoll is severely wounded.
The gnoll hits you but does no damage.
You slash the gnoll!
You kill the gnoll!
You see here a spear.
You now have 220 gold pieces (gained 19).
Unknown command.
The electric eel shoots out a bolt of lightning at you!
The bolt of electricity hits you!
* * * LOW HITPOINT WARNING * * *
The bolt of electricity hits you!
* * * LOW HITPOINT WARNING * * *
The electric eel shoots out a bolt of lightning at you!
The bolt of electricity hits you!
You die...

#############...####.#####
#......# #>.....'.........
#.####.# #.##...##.#......
#..#.# #................ #
#....# ####...##.#######
#.##.###### #...##.# #
#.........# #...##.# ###
########)####.# #...##.# #.#
#......))# #@# #...##.# #..
##.####..####.########+#####.#
#..##......# #.........
#.####..##......# #.........
#.......##......# #.........
#####....#......# #........(
#..#.#....... #......)..
#....≈;≈≈≈≈≈≈# ##.......#
#.##≈≈≈≈≈≈≈≈≈≈ #########


You could see an electric eel.

Vanquished Creatures
  A centaur (D:6)
  A big kobold (D:7)
  A scorpion (D:4)
  An orc priest (D:7)
  A giant frog skeleton (D:6)
  An orc wizard (D:7)
  An iguana (D:7)
  A hound (D:6)
  A worker ant (D:7)
  Jessica (D:3)
  A worker ant zombie (D:6)
  8 gnolls
  An adder (D:7)
  A giant mite (D:7)
  2 giant geckos
  7 orcs
  A ball python (D:3)
  A giant cockroach (D:1)
  7 goblins
  2 hobgoblins
  4 jackals (D:3)
  An ooze (D:4)
  A quokka (D:5)
  3 bats
  12 kobolds
  5 rats
67 creatures vanquished.

Notes
Turn   | Place    | Note
--------------------------------------------------------------
     0 | D:1      | timbw, the Vampire Fighter, began the quest for the Orb.
     0 | D:1      | Reached XP level 1. HP: 17/17 MP: 1/1
   355 | D:1      | Reached XP level 2. HP: 23/23 MP: 2/2
   362 | D:1      | You fall through a shaft!
   394 | D:3      | Noticed Jessica
   404 | D:3      | Reached skill level 3 in Long Blades
   421 | D:3      | Killed Jessica
   421 | D:3      | Reached XP level 3. HP: 28/28 MP: 3/3
   717 | D:4      | Noticed a scorpion
   734 | D:4      | Killed a scorpion
   734 | D:4      | Reached skill level 4 in Long Blades
   734 | D:4      | Reached XP level 4. HP: 19/34 MP: 4/4
   757 | D:4      | Noticed an ogre
   773 | D:5      | Entered Level 5 of the Dungeon
   786 | D:5      | Noticed a sky beast
   790 | D:5      | Noticed an ice beast
   796 | D:5      | Noticed a black bear
   873 | D:6      | Found a blossoming altar of Fedhas.
   874 | D:6      | Found a stormy altar of Qazlal.
   970 | D:7      | Reached skill level 5 in Long Blades
   980 | D:7      | Found a glowing silver altar of Zin.
  1028 | D:7      | Reached XP level 5. HP: 29/39 MP: 5/5
  1034 | D:7      | Found a snail-covered altar of Cheibriados.
  1051 | D:7      | Found a white marble altar of Elyvilon.
  1053 | D:7      | Found a sparkling altar of Nemelex Xobeh.
  1056 | D:7      | Found a shattered altar of Ashenzari.
  1183 | D:7      | Reached skill level 6 in Long Blades
  1267 | D:7      | Reached XP level 6. HP: 30/46 MP: 6/6
  1290 | D:7      | Noticed a big kobold
  1315 | D:7      | Killed a big kobold
  1326 | D:7      | HP: 2/46 [kobold/short sword (6)]
  1551 | D:6      | Noticed a centaur
  1562 | D:6      | Killed a centaur
  1562 | D:6      | Reached skill level 7 in Long Blades
  1721 | D:6      | Reached XP level 7. HP: 23/52 MP: 7/7
  1760 | D:6      | Killed from afar by an electric eel

Action                   |  1- 3 |  4- 6 |  7- 9 || total
-------------------------+-------+-------+-------++-------
Melee: Long sword        |    71 |   194 |    13 ||   278
  Use: Potion            |     2 |     1 |       ||     3
  Eat: Corpse            |     7 |     8 |       ||    15
